 Dungeon Crawl Stone Soup version 0.21.0-3-g78d12a8 (webtiles) character file.

76 komo4ek the Firebug (level 4, -1/24 HPs)
             Began as a Deep Elf Fire Elementalist on Jan 8, 2018.
             Was an Initiate of Vehumet.
             Slain by a crimson imp (2 damage)
             ... summoned by Natasha
             ... on level 3 of the Dungeon.
             The game lasted 00:06:08 (1523 turns).

komo4ek the Firebug (Deep Elf Fire Elementalist)    Turns: 1523, Time: 00:06:11

Health: -1/24      AC:  3    Str:  5    XL:     4   Next: 12%
Magic:  1/11       EV: 13    Int: 21    God:    Vehumet [......]
Gold:   144        SH:  0    Dex: 15    Spells: 7/10 levels left

rFire    . . .     SeeInvis .   g - -1 short sword (curse)
rCold    . . .     Gourm    .   (no shield)
rNeg     . . .     Faith    .   a - +0 robe
rPois    .         Spirit   .   (no helmet)
rElec    .         Reflect  .   (no cloak)
rCorr    .         Harm     .   (no gloves)
MR       .....                  k - +0 pair of boots
Stlth    ++........             (no amulet)
HPRegen  0.08/turn              (no ring)
MPRegen  0.12/turn              (no ring)

@: no status effects
A: no striking features
a: Renounce Religion


You were on level 3 of the Dungeon.
You worshipped Vehumet.
Vehumet was noncommittal.
You were not hungry.

You visited 1 branch of the dungeon, and saw 3 of its levels.

You collected 144 gold pieces.

Inventory:

Hand Weapons
 g - a cursed -1 short sword (weapon)
Armour
 a - a +0 robe (worn)
 k - a +0 pair of boots (worn)
Scrolls
 h - a scroll of identify
Potions
 d - a potion of might
 j - 2 potions of lignification {unknown}
Books
 b - a book of Flames

   Spells                             Type                      Level
   a - Flame Tongue                   Conjuration/Fire             1
   b - Throw Flame                    Conjuration/Fire             2
   c - Conjure Flame                  Conjuration/Fire             3
   d - Inner Flame                    Hexes/Fire                   3
   e - Sticky Flame                   Conjuration/Fire             4
   f - Fireball                       Conjuration/Fire             5
Comestibles
 c - 3 rations


   Skills:
 + Level 2.5 Dodging
 + Level 2.8 Stealth
 + Level 3.9 Spellcasting
 + Level 1.6 Conjurations
 + Level 4.6 Fire Magic


You had 7 spell levels left.
You knew the following spells:

 Your Spells              Type           Power        Failure   Level  Hunger
a - Flame Tongue          Conj/Fire      ###..        3%          1    None
b - Throw Flame           Conj/Fire      ###...       4%          2    #......


Dungeon Overview and Level Annotations

Branches:
Dungeon (3/15)

Altars:
Vehumet

Annotations:
D:3 Natasha, Purgy


Message History

Press: ? - help, Shift-Dir - straight line, f/p - Natasha
Aim: Natasha (heavily wounded)
The flame tongue hits Natasha.
Natasha is heavily wounded.
The shadow imp hits you but does no damage.
Natasha claws you.
The crimson imp grinds its teeth.
The crimson imp completely misses you.
Casting: Flame Tongue
Confirm with . or Enter, or press ? or * to list all spells.
Aiming: Flame Tongue
Press: ? - help, Shift-Dir - straight line, f/p - Natasha
Aim: Natasha (heavily wounded)
The flame tongue hits Natasha.
Natasha is severely wounded.
The shadow imp gestures at you. Pain shoots through your body!
Natasha claws you!
* * * LOW HITPOINT WARNING * * *
The crimson imp hits you.
You die...

#. #. ## #...#[
...
#...#.#####T.##
#.S............
..............#
#.#.####..#..
#.#..<....<..
.###.#5#.#####....
.....55@.†........
.....#h......##..
... #.......# .
#.......#
#...##### #.### #+


You could see Natasha, 2 crimson imps and a shadow imp.

Vanquished Creatures
  Natasha (D:3)
  A hound skeleton (D:2)
  An adder (D:2)
  A worm (D:2)
  2 dart slugs
  3 bats
  3 giant cockroaches
  2 goblins
  A quokka (D:2)
  A frilled lizard (D:1)
  7 kobolds
  3 rats (D:1)
26 creatures vanquished.

Notes
Turn   | Place    | Note
-------+----------+-------------------------------------------
     0 | D:1      | komo4ek the Deep Elf Fire Elementalist began the quest for the Orb.
     0 | D:1      | Reached XP level 1. HP: 10/10 MP: 6/6
   388 | D:1      | Reached XP level 2. HP: 15/15 MP: 6/8
   660 | D:2      | Found a radiant altar of Vehumet.
   669 | D:2      | Became a worshipper of Vehumet
   809 | D:2      | Reached skill level 4 in Fire Magic
   809 | D:2      | Reached XP level 3. HP: 19/19 MP: 5/10
  1085 | D:2      | Learned a level 2 spell: Throw Flame
  1197 | D:2      | Noticed a scorpion
  1472 | D:3      | Noticed Purgy
  1474 | D:3      | Noticed Natasha
  1479 | D:3      | Killed Natasha
  1479 | D:3      | Reached XP level 4. HP: 14/24 MP: 5/11
  1515 | D:3      | Noticed Natasha
  1523 | D:3      | HP: 1/24 [Natasha (7)]
  1523 | D:3      | Slain by a crimson imp

Skill      XL: |  1  2 |
---------------+-------+-----
Fire Magic     | 4 |  4.6
Dodging        | |  2.5
Stealth        | |  2.8
Spellcasting   | |  3.9
Conjurations   | |  1.6

Action                   |  1- 3 |  4- 6 || total
-------------------------+-------+-------++-------
Melee: Short sword       |     4 |       ||     4
 Cast: Flame Tongue      |    51 |     6 ||    57
       Throw Flame       |     6 |     2 ||     8
  Use: Potion            |     3 |       ||     3
       Scroll            |     2 |       ||     2
  Eat: Ration            |     1 |       ||     1
Armor: Robe              |     3 |     1 ||     4
Dodge: Dodged            |    17 |     1 ||    18
